 Dungeon Crawl Stone Soup version 0.29.1-13-g9f3cf754e1 (webtiles) character file.

Game seed: 9399926296118282806

2002 Heoruswealwe the Reanimator (level 9, -2/47 HPs)
             Began as a Deep Elf Necromancer on Feb 9, 2023.
             Was an Elder of Sif Muna.
             Slain by an orc warrior
             ... wielding a +0 war axe of electrocution
             ... summoned by a kobold
              (17 damage)
             ... on level 7 of the Dungeon.
             The game lasted 01:59:36 (6916 turns).

Heoruswealwe the Reanimator (Deep Elf Necromancer)  Turns: 6916, Time: 01:59:37

Health: -2/47      AC:  6    Str: 11    XL:     9   Next: 2%
Magic:  3/24       EV: 13    Int: 25    God:    Sif Muna [****..]
Gold:   334        SH:  0    Dex: 15    Spells: 14/27 levels left

rFire   + . .      SeeInvis .   b - +1 rapier (freeze)
rCold   + . .      Faith    .   V - orb {light}
rNeg    . . .      Spirit   .   N - +1 robe {rC+ rF+}
rPois   .          Reflect  .   (no helmet)
rElec   .          Harm     .   k - +1 cloak
rCorr   .          Rampage  .   j - +0 pair of gloves
Will    .....                   (no boots)
Stlth   +.........              (no amulet)
HPRegen 0.15/turn               i - +6 ring of strength
MPRegen 0.19/turn               (no ring)

@: attractive, glowing
A: no striking features
a: Renounce Religion, Channel Magic, Forget Spell, Divine Exegesis


You were on level 7 of the Dungeon.
You worshipped Sif Muna.
Sif Muna was greatly pleased with you.
You visited 2 branches of the dungeon, and saw 8 of its levels.

You collected 334 gold pieces.

Inventory:

Hand Weapons
 a - a +0 whip
 b - a +1 rapier of freezing (weapon)
 e - a +0 short sword
 n - a +0 club
 s - a +0 trident
 u - a +0 whip
Missiles
 g - a stone
Armour
 j - a +0 pair of gloves (worn)
 k - a +1 cloak (worn)
 x - a +0 robe
 N - a +1 robe of resistance (worn)
 V - an orb of light (worn)
Magical Staves
 z - a staff of poison
Jewellery
 i - a +6 ring of strength (left hand)
Wands
 h - a wand of flame (16)
 r - a wand of polymorph (8)
 y - a wand of roots (7)
Scrolls
 c - a scroll of vulnerability
 o - a scroll of summoning
 p - a scroll of enchant weapon
 v - a scroll of amnesia {unknown}
 C - a scroll of immolation
 H - 3 scrolls of fog {unknown}
 J - a scroll of noise {unknown}
 K - 2 scrolls of poison {unknown}
 L - 4 scrolls of enchant armour {unknown}
 P - 2 scrolls of fear {unknown}
Potions
 f - 2 potions of haste {unknown}
 l - 2 potions of mutation {unknown}
 m - a potion of ambrosia {unknown}
 t - 2 potions of attraction
 w - a potion of might {unknown}
 A - 2 potions of curing {unknown}
 D - a potion of degeneration {unknown}
 F - a potion of brilliance {unknown}
 G - a potion of resistance {unknown}
 I - a potion of flight {unknown}
 T - 2 potions of lignification {unknown}


   Skills:
 + Level 1.1 Fighting
 - Level 2.3 Short Blades
 + Level 0.2(1.2) Long Blades
 - Level 0.1 Staves
 + Level 3.9 Dodging
 + Level 4.0 Stealth
 * Level 9.8 Spellcasting
 + Level 0.2 Conjurations
 + Level 0.3 Hexes
 + Level 0.3 Summonings
 * Level 10.2 Necromancy
 + Level 0.3 Translocations
 + Level 0.9 Transmutations
 + Level 0.2 Fire Magic
 + Level 0.2 Ice Magic
 + Level 0.2 Air Magic
 + Level 0.2 Earth Magic
 + Level 0.5 Poison Magic
 + Level 0.2 Invocations
 + Level 0.6 Evocations


You had 14 spell levels left.
You knew the following spells:

 Your Spells              Type           Power      Damage    Failure   Level
a - Necrotise             Necr           100%       1d9       1%          1
b - Vampiric Draining     Necr           59%        2d10      1%          3
c - Beastly Appendage     Tmut           34%        N/A       3%          1
d - Apportation           Tloc           26%        N/A       4%          1
e - Summon Small Mammal   Summ           52%        N/A       4%          1
f - Sublimation of Blood  Necr           59%        N/A       1%          2
g - Dispel Undead         Necr           59%        3d21      1%          4

Your spell library contained the following spells:

 Spells                   Type           Power      Damage    Failure   Level
 Animate Dead             Necr           59%        N/A       1%          4
 Agony                    Necr           59%        N/A       1%          5
 Wereblood                Tmut           17%        N/A       5%          2
 Anguish                  Hex/Necr       19%        N/A       5%          4
 Spider Form              Tmut/Pois      15%        N/A       11%         3
 Summon Guardian Golem    Hex/Summ       13%        N/A       13%         3
 Petrify                  Tmut/Erth      15%        N/A       36%         4
 Cause Fear               Hex            6%         N/A       41%         4
 Irradiate                Conj/Tmut      7%         3d14      73%         5
 Fireball                 Conj/Fire      6%         3d5       77%         5
 Iskenderun's Battlesphe  Conj           13%        2d7       77%         5
 Conjure Ball Lightning   Conj/Air       6%         3x3d6     100%        6
 Orb of Destruction       Conj           6%         9d6       100%        7
 Death's Door             Necr           29%        N/A       100%        9


Dungeon Overview and Level Annotations

Branches:
Dungeon (7/15)             Temple (1/1) D:6

Altars:
Ashenzari
Cheibriados
Dithmenos
Elyvilon
Fedhas
Gozag
Hepliaklqana
Kikubaaqudgha
Makhleb
Nemelex Xobeh
Okawaru
Qazlal
Ru
Sif Muna
Trog
Uskayaw
Vehumet
Wu Jian
Xom
Yredelemnul
Zin
The Shining One


Message History

The orc warrior hits you with a +0 war axe of electrocution!
You are electrocuted!
* * * LOW HITPOINT WARNING * * *
The orc warrior attacks as you move away!
The orc warrior hits you with a +0 war axe of electrocution!
* * * LOW HITPOINT WARNING * * *
An orc comes into view. It is wielding a +0 trident.
The orc shouts!
An ogre comes into view. It is wielding a +0 giant spiked club.
The ogre shouts!
Blink to where?
Press: ? - help, Dir - move target, p - orc warrior 2 orcs come into view.
As you read the scroll of blinking, it crumbles to dust.
The orc shouts!
The orc closely misses you.
Found an escape hatch in the ceiling.
The orc shouts!
The orc barely misses you.
Casting: Vampiric Draining (safe; 1% risk of failure)
Confirm with . or Enter, or press ? or * to list all spells.
Aiming: Vampiric Draining (safe; 1% risk of failure)
Press: ? - help, Shift-Dir - straight line, f - orc
Aim: an orc, wielding a +0 trident and wearing a +0 scale mail (haloed)
You draw life force from the orc!
You kill the orc!
Sif Muna accepts your kill.
You feel life coursing into your body.
It was a potion of attraction.
You feel attractive to monsters. The orc warrior closely misses you.
The ogre closely misses you. The centaur is attracted toward you.
Casting: Vampiric Draining (safe; 1% risk of failure)
Confirm with . or Enter, or press ? or * to list all spells.
Aiming: Vampiric Draining (safe; 1% risk of failure)
Press: ? - help, Shift-Dir - straight line, f - ogre
Aim: an ogre, wielding a +0 giant spiked club (haloed)
You draw life force from the ogre!
You feel life coursing into your body.
The orc warrior hits you with a +0 war axe of electrocution!
You die...

##<###.##
######.####..#
#.. #.#
#..#########
#........ ##.
..#
##KKc.Ko...#
#####..#. ##
##..
#########ยง#
.# #.# #c# #.#
#K# #.# #.##
#.# #oo# ##@#
#O# #o# .o.
... .....
..... .<.....


You could see an orc warrior (summoned, inner flame), an ogre, a centaur, 3 orcs
and a kobold (inner flame).

Vanquished Creatures
  Prince Ribbit (D:5)
  Sigmund (D:3)
  Eustachio (D:5)
  An ice beast (D:6)
  A black bear (D:5)
  A sky beast (D:7)
  2 ogres (D:5)
  2 kobold brigands
  5 scorpions
  The ghost of McKennaii the Trooper, a weakling DgFi (D:3)
  The ghost of P0WERM0DE the Chiller, a weakling PaIE of Sif Muna (D:4)
  2 howler monkeys
  A jelly (D:5)
  Crazy Yiuf (D:3)
  An orc priest (D:5)
  3 hounds
  Ijyb (D:3)
  Jessica (D:2)
  2 iguanas
  A scorpion zombie (D:4)
  7 adders
  2 white imps (D:6)
  An adder zombie (D:4)
  A worm (D:3)
  2 dart slugs
  10 orcs
  10 ball pythons
  4 endoplasms
  A giant cockroach (D:4)
  11 goblins
  7 hobgoblins
  6 jackals
  14 kobolds
  4 quokkas
  6 bats
  A frilled lizard (D:3)
  A rat (D:1)
118 creatures vanquished.

Vanquished Creatures (collateral kills)
  An endoplasm (D:1)
  2 giant cockroaches (D:3)
  A goblin (D:3)
  A ball python (D:1)
  A kobold (D:1)
  A rat (D:3)
7 creatures vanquished.

Vanquished Creatures (others)
  6 fungi (D:1)
  5 plants (D:1)
11 creatures vanquished.

Grand Total: 136 creatures vanquished

Notes
Turn   | Place    | Note
-------+----------+-------------------------------------------
     0 | D:1      | Heoruswealwe the Deep Elf Necromancer began the quest for
                  | the Orb.
     0 | D:1      | Reached XP level 1. HP: 10/10 MP: 6/6
    78 | D:1      | Reached skill level 5 in Necromancy
   129 | D:1      | Reached XP level 2. HP: 15/15 MP: 4/8
   320 | D:1      | Found a faded altar of an unknown god.
   381 | D:1      | Prayed at the altar of an unknown god.
   381 | D:1      | Became a worshipper of Sif Muna the Loreminder
   381 | D:1      | Reached * piety under Sif Muna
   909 | D:2      | Reached XP level 3. HP: 19/19 MP: 7/9
   948 | D:2      | Learned a level 3 spell: Vampiric Draining
  1569 | D:2      | Found a shimmering altar of Xom.
  1569 | D:2      | Noticed Jessica
  1574 | D:2      | Killed Jessica
  1575 | D:2      | Reached XP level 4. HP: 24/24 MP: 8/12
  1778 | D:3      | Reached skill level 6 in Necromancy
  1826 | D:3      | Reached ** piety under Sif Muna
  1925 | D:3      | Found a transporter.
  1929 | D:3      | Noticed McKennaii's ghost (weakling DgFi)
  1953 | D:3      | Found a transporter.
  2349 | D:3      | Found a runed translucent door.
  2350 | D:3      | Noticed Crazy Yiuf
  2391 | D:3      | Killed Crazy Yiuf
  2455 | D:3      | Reached XP level 5. HP: 22/28 MP: 7/13
  2483 | D:3      | Noticed Sigmund
  2505 | D:3      | Killed Sigmund
  2506 | D:3      | Reached skill level 5 in Spellcasting
  2506 | D:3      | Reached skill level 7 in Necromancy
  2506 | D:3      | Reached XP level 6. HP: 23/32 MP: 2/16
  2631 | D:3      | Noticed Ijyb
  2639 | D:3      | Killed Ijyb
  2781 | D:3      | Killed McKennaii's ghost
  3034 | D:1      | You fall into a shaft and drop 1 floor!
  3156 | D:4      | Found a hazy altar of Hepliaklqana.
  3781 | D:4      | Found a runed translucent gate.
  3781 | D:4      | Found a runed translucent gate.
  3781 | D:4      | Found a runed translucent gate.
  3781 | D:4      | Noticed P0WERM0DE's ghost (weakling PaIE)
  3783 | D:4      | Found a basalt altar of Yredelemnul.
  3844 | D:4      | Killed P0WERM0DE's ghost
  3968 | D:4      | Found a hide-covered altar of Uskayaw.
  4024 | D:5      | Entered Level 5 of the Dungeon
  4040 | D:5      | Reached XP level 7. HP: 36/36 MP: 10/19
  4073 | D:5      | Reached skill level 8 in Necromancy
  4081 | D:5      | Reached skill level 1 in Short Blades
  4084 | D:5      | Reached *** piety under Sif Muna
  4385 | D:5      | Noticed Eustachio
  4402 | D:5      | Killed Eustachio
  4467 | D:5      | Reached XP level 8. HP: 42/42 MP: 0/22
  4616 | D:5      | Found a bloodstained altar of Trog.
  4914 | D:5      | Reached skill level 1 in Fighting
  4914 | D:5      | Reached skill level 9 in Necromancy
  5044 | D:5      | Noticed Prince Ribbit
  5057 | D:5      | Killed Prince Ribbit
  5205 | D:6      | Found a staircase to the Ecumenical Temple.
  5362 | D:6      | Learned a level 1 spell: Beastly Appendage
  5441 | D:6      | Reached **** piety under Sif Muna
  5442 | D:6      | Reached skill level 10 in Necromancy
  5636 | D:5      | Learned a level 1 spell: Apportation
  5638 | D:5      | Learned a level 1 spell: Summon Small Mammal
  5690 | Temple   | Entered the Ecumenical Temple
  5967 | D:6      | Identified a scroll of acquirement
  5968 | D:6      | Acquired a book of Alchemy
  5976 | D:6      | Learned a level 2 spell: Sublimation of Blood
  6440 | D:6      | Acquired the Enchiridion on Sinister Rituals and Charms
  6450 | D:6      | Learned a level 4 spell: Dispel Undead
  6882 | D:7      | Reached XP level 9. HP: 47/47 MP: 8/24
  6899 | D:7      | HP: 2/47 [orc warrior/+0 war axe of electrocution[a kobold]
                  | (9)]
  6916 | D:7      | Slain by an orc warrior

Illustrated notes

Levels and vault maps discovered:
D:1:      lordsloth_arrival_two_stooges, layout_rooms,
          dreamdust_ecumenical_altar_hidden_monk_grotto, grunt_decor_junction
D:2:      layout_loops_ring, basic_altar, uniq_jessica
D:3:      layout_rooms, gammafunk_ghost_arena, uniq_sigmund,
          uniq_crazy_yiuf_cottage, uniq_ijyb
D:4:      layout_basic, nicolae_yredelemnul_ghost_church, old_standard_altar,
          mainiacjoe_overflow_24_doors
D:5:      layout_rooms, trog_hazing_becter, uniq_prince_ribbit1, uniq_eustachio
D:6:      layout_basic, minmay_temple_entry_arrows, minmay_misc_feat_alley,
          st_stairs_6
D:7:      layout_rooms, corexii_leaking_fountain
Temple:   mainiacjoe_temple_coin_purse

Skill      XL: |  1  2  3  4  5  6  7  8 |
---------------+-------------------------+-----
Necromancy     | 5 6 7 8 10 | 10.2
Stealth        | 3 4 |  4.0
Spellcasting   | 4 5 6 8 9 |  9.8
Dodging        | 3 |  3.9
Short Blades   | 1 2 |  2.3
Fighting       | 1 |  1.1
Long Blades    | |  0.2
Staves         | |  0.1
Conjurations   | |  0.2
Hexes          | |  0.3
Summonings     | |  0.3
Translocations | |  0.3
Transmutations | |  0.9
Fire Magic     | |  0.2
Ice Magic      | |  0.2
Air Magic      | |  0.2
Earth Magic    | |  0.2
Poison Magic   | |  0.5
Invocations    | |  0.2
Evocations     | |  0.6

Action                   |  1- 3 |  4- 6 |  7- 9 || total
-------------------------+-------+-------+-------++-------
Melee: Club              |    36 |       |       ||    36
       Punch             |     1 |       |       ||     1
       Dagger            |       |     1 |       ||     1
       Rapier            |       |    28 |    36 ||    64
       Quarterstaff      |       |     3 |       ||     3
 Cast: Necrotise         |    40 |    30 |    11 ||    81
       Vampiric Draining |     1 |    27 |    86 ||   114
       Beastly Appendage |       |       |     5 ||     5
       Apportation       |       |       |     1 ||     1
       Summon Small Mamm |       |       |     1 ||     1
       Dispel Undead     |       |       |     1 ||     1
Evoke: Wand              |       |     4 |       ||     4
  Use: Scroll            |       |     4 |     7 ||    11
       Potion            |       |     2 |     5 ||     7
Armor: Robe              |     1 |     3 |    48 ||    52
Dodge: Dodged            |       |    32 |   108 ||   140
